 Dungeon Crawl Stone Soup version 0.32-a0-909-gc671339a80 (webtiles) character file.

Game seed: 1326958306650366483

16 SilverFoxx the Caller (level 2, 0/15 HPs)
             Began as a Deep Elf Summoner on Apr 6, 2024.
             Slain by a kobold
             ... wielding a +0 club
              (2 damage)
             ... on level 1 of the Dungeon.
             The game lasted 00:02:55 (477 turns).

SilverFoxx the Caller (Deep Elf Summoner)            Turns: 477, Time: 00:02:56

Health: 0/15       AC:  2    Str:  5    XL:     2   Next: 41%
Magic:  7/8        EV: 11    Int: 19    God:
Gold:   10         SH:  0    Dex: 15    Spells: 6/7 levels left

rFire   . . .        (no weapon)
rCold   . . .        (no shield)
rNeg    . . .        a - +0 robe
rPois   .            (no helmet)
rElec   .            (no cloak)
rCorr   .            (no gloves)
SInv    .            (no boots)
Will    .....        (no amulet)
Stlth   ++           (no ring)
HPRegen 0.22/turn    (no ring)
MPRegen 0.11/turn

%: no passive effects
@: no status effects
A: no striking features
a: no special abilities


You were on level 1 of the Dungeon.
You visited 1 branch of the dungeon, and saw 1 of its levels.

You collected 10 gold pieces.

Inventory:

Armour
 a - a +0 robe (worn)
Scrolls
 c - a scroll of teleportation {unknown}
 d - a scroll of immolation {unknown}
Potions
 b - a potion of magic
 e - a potion of heal wounds {unknown}


   Skills:
 + Level 0.1 Fighting
 - Level 2.4 Dodging
 - Level 2.4 Stealth
 + Level 3.3 Spellcasting
 + Level 4.9 Summonings


You had 6 spell levels left.
You knew the following spells:

 Your Spells              Type           Power      Damage    Failure   Level
a - Summon Small Mammal   Summ           88%        N/A       1%          1

Your spell library contained the following spells:

 Spells                   Type           Power      Damage    Failure   Level
 Call Imp                 Summ           44%        N/A       3%          2
 Call Canine Familiar     Summ           22%        N/A       6%          3
 Summon Blazeheart Golem  Fire/Summ      12%        N/A       47%         4
 Summon Lightning Spire   Summ/Air       12%        N/A       47%         4


Dungeon Overview and Level Annotations

Branches:
Dungeon (1/15)

Altars:


Message History

Found a gold piece.
A rat and 2 kobolds come into view.
Found 4 gold pieces.
Found a faded altar of an unknown god.
The kobold shouts! x2; The rat squeaks loudly.
The kobold closely misses you.
You hit the kobold but do no damage. The kobold barely misses you.
You hit the kobold.
The kobold is moderately wounded.
The kobold hits you with a +0 club. The kobold hits you with a +0 dagger.
The kobold closely misses you. The kobold attacks as it pursues you!
The kobold barely misses you. The kobold attacks as it pursues you!
The kobold hits you with a +0 dagger.
There is an open door here.
You see here 5 stones.
The kobold barely misses you.
Casting: Summon Small Mammal (safe; 1% risk of failure)
Confirm with . or Enter, or press ? or * to list all spells.
Casting: Summon Small Mammal (safe; 1% risk of failure)
Confirm with . or Enter, or press ? or * to list all spells.
Your bat hits the kobold but does no damage.
The kobold hits you with a +0 club. The kobold hits you with a +0 dagger.
* * * LOW HITPOINT WARNING * * *
Your bat completely misses the kobold.
The kobold attacks as it pursues you! The kobold hits you with a +0 club.
* * * LOW HITPOINT WARNING * * *
Your rat closely misses the kobold.
Your bat hits the kobold.
Your bat closely misses the kobold.
The kobold hits your rat but does no damage.
Your rat bites the kobold.
The kobold dies!
Your rat completely misses the kobold.
Your bat barely misses the rat.
The kobold attacks as it pursues you! The kobold hits you with a +0 club.
* * * LOW HITPOINT WARNING * * *
The rat bites your rat but does no damage.
Your bat hits the rat but does no damage.
Your bat barely misses the rat.
Your bat barely misses the rat.
The kobold hits you with a +0 club.
You die...

###...# #.#§§...# #...# #
#.'...... #.†.#.#.###......
##########+#...#.... +......
#......†.........# #......
#................#.# #.....#
#..................# #.....#
+....b.......#...........###
#...)......@......#.######
#..(....rrK..#....#.#
###'######+#.#..### #.# #.#
.# #.###.##### #.# .#
#.........# #.# # .
#####.##...# #.. ..
#.....##.....### ..
#.######.~~$.# ##


You could see a kobold (ally target), a rat (ally target), a friendly bat
(summoned) and a friendly rat (summoned).

Vanquished Creatures (collateral kills)
  A dart slug (D:1)
  A bat (D:1)
  2 endoplasms (D:1)
  A giant cockroach (D:1)
  A goblin (D:1)
  A kobold (D:1)
  A quokka (D:1)
  2 ball pythons (D:1)
  4 rats (D:1)
14 creatures vanquished.

Notes
Turn   | Place    | Note
-------+----------+-------------------------------------------
     0 | D:1      | SilverFoxx the Deep Elf Summoner began the quest for the
                  | Orb.
     0 | D:1      | Reached XP level 1. HP: 10/10 MP: 6/6
   331 | D:1      | Reached XP level 2. HP: 15/15 MP: 5/8
   456 | D:1      | Found a faded altar of an unknown god.
   477 | D:1      | Slain by a kobold

Illustrated notes

Levels and vault maps discovered:
D:1:      dpeg_arrival_windows_large_door, layout_basic,
          hellmonk_ecumenical_altar_pennies_from_heaven

Action                     || total
---------------------------++-------
  Melee: Unarmed           ||     6
   Cast: Summon Small Mamm ||    14
 Armour: Robe              ||    14
  Dodge: Dodged            ||    16

Table legend: (Time is in decaauts)
 A = Elapsed time spent in this place.
 B = Non-inter-level travel time spent in this place.
 C = Inter-level travel time spent in this place.
 D = Time resting spent in this place.
 E = Time spent auto-exploring this place.
 F = Levels seen in this place.
 G = Mean time per level.
                   A        B        C        D        E       F      G
               +--------+--------+--------+--------+--------+-----+--------+
         Total |    477 |    477 |      0 |      0 |      0 |   1 |  477.0 |
       Dungeon |    477 |    477 |      0 |      0 |      0 |   1 |  477.0 |
               +--------+--------+--------+--------+--------+-----+--------+

Top non-repeatable levels by time:
     D:1: 477 daAuts
